 Dungeon Crawl Stone Soup version 0.17.0-28-g6e173f8 (webtiles) character file.

845 M4edhros the Sneak (level 8, -1/52 HPs)
             Began as an Octopode Wanderer on Nov 26, 2015.
             Slain by a gnoll
             ... wielding a +0 spear
              (9 damage)
             ... on level 6 of the Dungeon.
             The game lasted 00:07:52 (5287 turns).

M4edhros the Sneak (Octopode Wanderer)              Turns: 5287, Time: 00:07:53

Health: -1/52      AC:  1    Str: 13 (14) XL:     8   Next: 0%
Magic:  12/12      EV:  6    Int: 15 (16) God:
Gold:   326        SH:  0    Dex: 11      Spells: 2 memorised, 8 levels left

rFire  . . .     SeeInvis .     q - +2 falchion (elec)
rCold  . . .     Clarity  .     (no shield)
rNeg   . . .     SustAt   .     (helmet restricted)
rPois  .         Gourm    .     (no amulet)
rElec  .         Spirit   .     (no ring)
rCorr  .         Warding  .     (no ring)
rMut   .         Stasis   .     (no ring)
MR     .....                    (no ring)
Stlth  +++++.....               (no ring)
                                (no ring)
                                (no ring)
                                (no ring)

@: not resistant to hostile enchantments, quite stealthy
A: almost no armour, amphibious, 8 rings, constrict 8, tentacle spike 1,
camouflage 1, deterioration 1, strong 1, gelatinous body 1
a: no special abilities


You were on level 6 of the Dungeon.
You were not hungry.

You visited 1 branch of the dungeon, and saw 6 of its levels.

You collected 326 gold pieces.

Inventory:

Hand Weapons
 d - a +2 whip of draining
 e - a +0 dagger
 o - a +0 blowgun
 q - a +2 falchion of electrocution (weapon)
Missiles
 n - 50 stones (quivered)
 p - 14 poisoned needles
Scrolls
 c - 4 scrolls of teleportation
 g - 3 scrolls of recharging
 k - a scroll of summoning {unknown}
 m - 2 scrolls of blinking
 r - a scroll of random uselessness {unknown}
 t - 2 scrolls of enchant weapon
 v - 2 scrolls of remove curse
Potions
 j - a potion of magic
 l - 2 potions of heal wounds
 w - a potion of flight
Books
 a - a book of Necromancy

   Spells                             Type                      Level
   a - Pain                           Necromancy                   1
   b - Animate Skeleton               Necromancy                   1
   c - Vampiric Draining              Necromancy                   3
   d - Regeneration                   Charms/Necromancy            3
   e - Animate Dead                   Necromancy                   4
   f - Control Undead                 Necromancy                   4
 b - Olgreb's Tome of Envenoming

   Spells                             Type                      Level
   a - Sting                          Conjuration/Poison           1
   b - Cure Poison                    Poison                       2
Comestibles
 f - 2 bread rations
 i - 2 fruits
 u - a slice of pizza


   Skills:
 - Level 3.0 Fighting
 + Level 1.4 Long Blades
   Level 2.0 Axes
 * Level 7.1 Stealth
 + Level 2.9 Spellcasting
 + Level 3.0 Conjurations
 + Level 2.7 Charms
   Level 1.0 Summonings
 + Level 2.9 Necromancy
 + Level 3.7 Poison Magic


You had 8 spell levels left.
You knew the following spells:

 Your Spells              Type           Power        Failure   Level  Hunger
a - Sting                 Conj/Pois      ##..         6%          1    #......
b - Regeneration          Chrm/Necr      ##........   21%         3    ###....


Dungeon Overview and Level Annotations

Branches:
Dungeon (6/15)
 Temple: D:4-7

Altars:
Elyvilon
Nemelex Xobeh
Qazlal
Trog

Annotations:
D:3 Robin
D:4 Dowan; Grinder; Statics's ghost, amateur FoFi


Innate Abilities, Weirdness & Mutations

You cannot wear most types of armour.
You are amphibious.
You can wear up to eight rings at the same time.
You can use your tentacles to constrict eight enemies at once.
Your skin changes colour to match your surroundings (Stealth).
Your rubbery body absorbs attacks (AC +1).
One of your tentacles bears a spike.
Your body sometimes deteriorates upon taking damage.
Your muscles are strong. (Str +2)


Message History

The gnoll hits you with a flail. The jackal barely misses you.
The jackal bites you but does no damage.
Unknown command.
You hit the gnoll. You grab the gnoll.
You squeeze the gnoll, but do no damage.
The gnoll is moderately wounded.
You constrict the gnoll. The jackal bites you. The jackal misses you.
The gnoll hits you with a flail!
Your body deteriorates!
You feel dopey. The jackal bites you. The gnoll closely misses you.
The jackal closely misses you.
You release your grip on the gnoll.
There is a stone staircase leading up here.
Drink which item? (? for menu, Esc to quit)
You feel better. The gnoll barely misses you.
The gnoll hits you from afar with a spear.
The gnoll hits you with a flail!
* * * LOW HITPOINT WARNING * * *
The gnoll hits you from afar with a spear!
You die...

#. #.# #####.# ......#
.....####### #....>...#
#........# #........#
#.......@##
#........g####### ###
#########.gh.hh.####....
######..#....# ###....#
#....### #...#h## ##
#.###.# .. #.#...##.


You could see 2 gnolls and a jackal.

Vanquished Creatures
  Eustachio (D:4)
  Edmund (D:4)
  2 ogres (D:4)
  A scorpion (D:5)
  A crimson imp (D:6)
  A gnoll shaman (D:5)
  5 worker ants
  A hound (D:5)
  Natasha (thrice) (D:3)
  6 adders
  A gnoll (D:5)
  A shadow imp (D:6)
  A worm (D:2)
  An adder skeleton (D:4)
  2 giant geckos
  An orc (D:5)
  4 bats
  3 giant cockroaches
  10 goblins
  10 hobgoblins
  2 jackals
  7 kobolds
  2 quokkas
  A giant gecko skeleton (D:5)
  A giant gecko zombie (D:5)
  3 giant newts
  6 rats
78 creatures vanquished.

Notes
Turn   | Place    | Note
--------------------------------------------------------------
     0 | D:1      | M4edhros the Octopode Wanderer began the quest for the Orb.
     0 | D:1      | M4edhros set off with: a book of Necromancy, Olgreb's Tome of Envenoming, a scroll of teleportation, a +0 club, a +0 dagger, a bread ration
     0 | D:1      | Reached XP level 1. HP: 16/16 MP: 2/2
     0 | D:1      | Identified Olgreb's Tome of Envenoming
     2 | D:1      | Learned a level 1 spell: Sting
   175 | D:1      | Reached XP level 2. HP: 14/21 MP: 3/3
   965 | D:1      | Reached skill level 1 in Conjurations
  1438 | D:2      | Reached XP level 3. HP: 13/26 MP: 5/5
  1612 | D:2      | Reached skill level 1 in Poison Magic
  2098 | D:2      | Reached skill level 4 in Stealth
  2403 | D:2      | Learned a level 3 spell: Regeneration
  2430 | D:3      | Reached XP level 4. HP: 28/31 MP: 6/6
  2453 | D:3      | Noticed Natasha
  2467 | D:3      | Killed Natasha
  2480 | D:3      | Noticed Natasha
  2494 | D:3      | HP: 1/31 [Natasha (7)]
  2499 | D:3      | Killed Natasha
  2575 | D:3      | Noticed Natasha
  2604 | D:3      | Killed Natasha
  2873 | D:3      | Found a white marble altar of Elyvilon.
  2927 | D:3      | Reached XP level 5. HP: 29/36 MP: 6/8
  2940 | D:3      | Noticed Robin
  3062 | D:4      | Noticed Edmund
  3120 | D:4      | Killed Edmund
  3120 | D:4      | Reached skill level 5 in Stealth
  3120 | D:4      | Reached skill level 1 in Charms
  3120 | D:4      | Reached XP level 6. HP: 18/42 MP: 9/9
  3178 | D:4      | Noticed Grinder
  3408 | D:4      | Noticed Statics's ghost (amateur FoFi)
  3438 | D:4      | Noticed Dowan
  3579 | D:4      | Noticed an ogre
  3592 | D:4      | Found a bloodstained altar of Trog.
  3592 | D:4      | Found a sparkling altar of Nemelex Xobeh.
  3610 | D:4      | Noticed Eustachio
  3624 | D:4      | Killed Eustachio
  3625 | D:4      | Reached skill level 6 in Stealth
  3633 | D:4      | Found a stormy altar of Qazlal.
  3784 | D:4      | Reached XP level 7. HP: 44/46 MP: 10/10
  3827 | D:4      | Killed an ogre
  3851 | D:4      | Reached skill level 1 in Long Blades
  4054 | D:5      | Entered Level 5 of the Dungeon
  4443 | D:5      | Gained mutation: One of your tentacles bears a spike. [potion of mutation]
  4443 | D:5      | Gained mutation: Your muscles are strong. (Str +2) [potion of mutation]
  4443 | D:5      | Gained mutation: Your body sometimes deteriorates upon taking damage. [potion of mutation]
  5247 | D:6      | Reached skill level 7 in Stealth
  5271 | D:6      | Reached XP level 8. HP: 42/52 MP: 12/12
  5287 | D:6      | Slain by a gnoll

Action                   |  1- 3 |  4- 6 |  7- 9 || total
-------------------------+-------+-------+-------++-------
Melee: Club              |    12 |       |       ||    12
       Dagger            |    85 |    41 |       ||   126
       Whip              |       |    28 |       ||    28
       Falchion          |       |     5 |    37 ||    42
 Fire: Blowgun           |       |       |    11 ||    11
  Use: Scroll            |     3 |     3 |     1 ||     7
       Potion            |       |     3 |     3 ||     6
 Stab: Sleeping          |     8 |     7 |     3 ||    18
       Distracted        |       |       |     1 ||     1
  Eat: Chunk             |     3 |     2 |     3 ||     8
       Pizza             |     1 |       |       ||     1
       Bread ration      |       |     1 |       ||     1
